 Dungeon Crawl Stone Soup version 0.32-a0-876-gcfddb08e57 (webtiles) character file.

Game seed: 13667787636687179807

621 Thrusty the Slasher (level 7, 0/55 HPs)
             Began as a Coglin Chaos Knight on Mar 31, 2024.
             Was a Plaything of Xom.
             Slain by Pikel
             ... wielding a +0 whip of flaming
              (7 damage)
             ... on level 4 of the Dungeon.
             The game lasted 00:20:58 (1486 turns).

Thrusty the Slasher (Coglin Chaos Knight)           Turns: 1486, Time: 00:20:58

Health: 0/55       AC:  7    Str: 13 (14) XL:     7   Next: 46%
Magic:  8/8        EV: 10    Int:  8 (11) God:    Xom [...*..]
Gold:   157        SH:  0    Dex: 12 (14) Spells: 4/8 levels left

rFire   + . .        a - +0 falchion (chaos) {Kanchana}
rCold   + . .        e - +0 long sword {Jia}
rNeg    . . .        b - +2 leather armour
rPois   .            d - +0 helmet
rElec   .            r - scarf {rC+ rF+}
rCorr   .            s - +0 pair of gloves
SInv    .            (no boots)
Will    .....        (amulet unavailable)
Stlth   +            (ring unavailable)
HPRegen 0.29/turn    (ring unavailable)
MPRegen 0.11/turn    (no gizmo)

%: no passive effects
@: revved
A: off-hand wielding, slow wielding, warmup strikes, no jewellery
a: Invent Gizmo, Renounce Religion


You were on level 4 of the Dungeon.
You worshipped Xom.
You were a favourite toy of Xom.
You visited 1 branch of the dungeon, and saw 7 of its levels.

You collected 157 gold pieces.

Inventory:

Hand Weapons
 a - a +0 falchion of chaos (weapon) {Kanchana}
 e - a +0 long sword (offhand) {Jia}
 h - a +0 sling
 p - a +0 sling
 y - a +0 hand axe of flaming
Missiles
 v - 2 javelins (quivered)
 x - 2 silver javelins
 Z - a throwing net
Armour
 b - a +2 leather armour (worn)
 d - a +0 helmet (worn)
 r - a scarf of resistance (worn)
 s - a +0 pair of gloves (worn)
Magical Staves
 k - a staff of death
Wands
 D - a wand of digging (7)
 V - a wand of flame (5) {god gift}
Scrolls
 c - a scroll of butterflies
 f - a scroll of fear {unknown}
 i - 4 scrolls of poison {unknown}
 l - a scroll of identify {unknown}
 m - 2 scrolls of brand weapon {unknown}
 n - 4 scrolls of enchant armour {unknown}
 q - 2 scrolls of revelation {unknown}
 t - a scroll of silence {unknown}
 w - a scroll of immolation {unknown}
 X - a scroll of summoning {unknown}
Potions
 g - a potion of heal wounds
 j - a potion of degeneration
 o - a potion of curing {unknown}
 u - 2 potions of cancellation {unknown}


   Skills:
 + Level 4.4 Fighting
 + Level 6.5 Long Blades
 + Level 0.2 Throwing
 - Level 1.7 Armour
 + Level 1.7 Dodging
 + Level 0.8 Stealth
 + Level 1.2 Spellcasting
 + Level 1.5 Translocations
 - Level 2.0 Evocations


You had 4 spell levels left.
You knew the following spells:

 Your Spells              Type           Power      Damage    Failure   Level
a - Frozen Ramparts       Ice            0%         1d1       83%         3
g - Apportation           Tloc           4%         N/A       26%         1

Your spell library contained the following spells:

 Spells                   Type           Power      Damage    Failure   Level
 Freeze                   Ice            0%         1d3       45%         1
 Jinxbite                 Hex            0%         N/A       58%         2
 Hailstorm                Conj/Ice       0%         3d5       83%         3
 Fulminant Prism          Conj/Alch      0%         3d5       99%         4
 Petrify                  Alch/Erth      0%         N/A       99%         4
 Alistair's Intoxication  Alch           0%         N/A       100%        5
 Irradiate                Conj/Alch      0%         3d11      100%        5
 Haunt                    Necr/Summ      0%         N/A       100%        7


Dungeon Overview and Level Annotations

Branches:
Dungeon (7/15)
 Temple: D:4-7

Altars:
Fedhas
Kikubaaqudgha

Annotations:
D:4 Pikel


Innate Abilities, Weirdness & Mutations

You can wield a second weapon in your off-hand.
It takes a long time for you to wield or remove held weapons.
Your first few attacks do less damage.
You cannot equip rings or amulets.


Message History

The orc hits you with a +0 club.
Your crimson imp completely misses the orc.
You slash Pikel with your +0 falchion of chaos!
You feel better.
Pikel is lightly wounded.
You hit Pikel with your +0 long sword. Pikel misses you.
The orc barely misses you.
Your crimson imp hits the orc.
You hit Pikel but do no damage.
Pikel is moderately wounded.
You hit Pikel but do no damage.
Pikel is poisoned.
Pikel hits you but does no damage. The orc hits you with a +0 club.
Your crimson imp barely misses the orc.
You hit the orc with your +0 falchion of chaos.
The orc is poisoned.
The orc is heavily wounded.
You closely miss the orc with your +0 long sword.
You kill the orc!
Pikel hits you with a +0 whip of flaming!
* * * LOW HITPOINT WARNING * * *
Your crimson imp blinks!
Okay, then.
Unknown command.
You feel much better.
Pikel hits you with a +0 whip of flaming.
Pikel burns you. The lemure hits you.
Your crimson imp closely misses the lemure.
You slash Pikel with your +0 long sword!
Pikel is heavily wounded.
You barely miss Pikel with your +0 falchion of chaos.
Pikel hits you with a +0 whip of flaming!
* * * LOW HITPOINT WARNING * * *
Pikel burns you.
* * * LOW HITPOINT WARNING * * *
The lemure hits you.
* * * LOW HITPOINT WARNING * * *
Your crimson imp barely misses the lemure.
You closely miss Pikel with your +0 falchion of chaos.
Pikel is severely wounded.
You barely miss Pikel with your +0 long sword.
Pikel closely misses you. The lemure hits you.
* * * LOW HITPOINT WARNING * * *
Your crimson imp hits the lemure.
You hit Pikel with your +0 falchion of chaos.
Pikel convulses.
Pikel is severely wounded.
You hit Pikel with your +0 long sword.
Pikel hits you with a +0 whip of flaming!
You die...
Pikel says, "See you in Hell!"
Xom snickers!

####..#*.##..##.#*
* #.# *#))##.##..
..., , * #.# ,
#.>..........#** ,
#.# *
*##...........#
#.# *,*
#######.###.# *
#.# , #.# #.# *,*
#.# *,* #.# #5# *
#.# *,* #.###5##
#.. *, #.##.#@#*
### ,* * *
#.#o###K#* ,*
,,,,* #.5## #5. ,*
****,*
#.#.#**,###**
#.#####.##o#,**
#.......#*#5#*
###########)# .#
............# * #
####.##..##.# *,*


You could see Pikel (very poisoned, ally target), 2 lemures and a friendly
crimson imp (summoned).

Vanquished Creatures
  2 phantoms
  A scorpion (D:4)
  A jelly (D:6)
  A bombardier beetle (D:4)
  3 orc priests (D:4)
  2 orc wizards (D:4)
  An iguana (D:4)
  6 gnolls
  3 adders
  2 ribbon worms
  2 dart slugs (D:4)
  11 orcs
  6 ball pythons
  3 bats
  7 endoplasms
  2 giant cockroaches
  4 goblins
  7 hobgoblins
  7 jackals (D:1)
  8 kobolds
  4 quokkas
  4 frilled lizards
  6 rats
93 creatures vanquished.

Notes
Turn   | Place    | Note
-------+----------+-------------------------------------------
     0 | D:1      | Thrusty the Coglin Chaos Knight began the quest for the
                  | Orb.
     0 | D:1      | Reached XP level 1. HP: 18/18 MP: 1/1
    88 | D:1      | XOM: potion effect (haste)
    92 | D:1      | Reached XP level 2. HP: 23/24 MP: 2/2
   114 | D:1      | Reached skill level 4 in Long Blades
   208 | D:2      | Reached XP level 3. HP: 29/29 MP: 3/3
   284 | D:2      | XOM: smoke on damage
   341 | D:2      | XOM: 5-stop teleportation journey
   350 | D:2      | Reached XP level 4. HP: 9/35 MP: 4/4
   479 | D:1      | Reached skill level 5 in Long Blades
   643 | D:3      | XOM: god gift: brass wand {god gift}
   655 | D:3      | XOM: fog
   701 | D:4      | Reached skill level 1 in Evocations
   703 | D:4      | Reached XP level 5. HP: 36/41 MP: 5/5
   747 | D:4      | Noticed a phantom
   784 | D:4      | Killed a phantom
   785 | D:4      | Reached XP level 6. HP: 44/48 MP: 6/6
   793 | D:4      | Reached skill level 6 in Long Blades
   867 | D:3      | Got the Commentary on Magnum Ectoplasm
   890 | D:3      | Learned a level 1 spell: Apportation
   986 | D:3      | Learned a level 3 spell: Frozen Ramparts
  1071 | D:4      | Found a blossoming altar of Fedhas.
  1072 | D:4      | XOM: divination: detect items
  1077 | D:4      | XOM: divination: magic mapping
  1081 | D:4      | Reached skill level 1 in Dodging
  1096 | D:4      | Reached skill level 1 in Translocations
  1096 | D:4      | Reached XP level 7. HP: 36/54 MP: 6/8
  1233 | D:5      | Entered Level 5 of the Dungeon
  1262 | D:6      | XOM: summons friendly iron imp
  1268 | D:6      | Reached skill level 1 in Spellcasting
  1300 | D:7      | Found an ancient bone altar of Kikubaaqudgha.
  1454 | D:4      | XOM: 2-stop teleportation journey
  1473 | D:4      | Noticed Pikel
  1478 | D:4      | XOM: summons friendly crimson imp
  1486 | D:4      | Slain by Pikel

Illustrated notes

Levels and vault maps discovered:
D:1:      eino_arrival_druids_welcome, layout_rooms, minmay_tromino_v7
D:2:      layout_basic
D:3:      layout_loops_corners, serial_shops, shop
D:4:      layout_loops_ring, serial_bayou_ford_a, minmay_ruined_shrine,
          uniq_pikel
D:5:      layout_loops_ring, minmay_temple_entry_fiery, uniq_duvessa
D:6:      layout_rooms, grunt_temple_overflow_open, grunt_ministairs_15
D:7:      layout_basic, mainiacjoe_overflow_small_starburst,
          mainiacjoe_overflow_alcove_1, dreamdust_mushroom_princess

Skill      XL: |  1  2  3  4  5  6  7 |
---------------+----------------------+-----
Long Blades    | 4 5 6 |  6.5
Evocations     | 1 2 |  2.0
Fighting       | 4 |  4.4
Dodging        | 1 |  1.7
Translocations | 1 |  1.5
Spellcasting   | 1 |  1.2
Throwing       | |  0.2
Armour         | |  1.7
Stealth        | |  0.8

Action                     |  1- 3 |  4- 6 |  7- 9 || total
---------------------------+-------+-------+-------++-------
  Melee: Long sword        |    54 |    81 |    45 ||   180
         Falchion          |    47 |    80 |    45 ||   172
  Throw: Javelin           |       |     2 |       ||     2
  Evoke: Wand              |       |     5 |       ||     5
    Use: Potion            |       |     1 |     2 ||     3
   Stab: Paralysed         |     1 |       |       ||     1
         Confused          |     1 |       |       ||     1
         Sleeping          |       |     1 |     1 ||     2
 Armour: Leather armour    |    27 |    57 |    39 ||   123
  Dodge: Dodged            |    31 |    44 |    18 ||    93

Table legend: (Time is in decaauts)
 A = Elapsed time spent in this place.
 B = Non-inter-level travel time spent in this place.
 C = Inter-level travel time spent in this place.
 D = Time resting spent in this place.
 E = Time spent auto-exploring this place.
 F = Levels seen in this place.
 G = Mean time per level.
                   A        B        C        D        E       F      G
               +--------+--------+--------+--------+--------+-----+--------+
         Total |   1486 |   1394 |     92 |      0 |    127 |   7 |  212.3 |
       Dungeon |   1486 |   1394 |     92 |      0 |    127 |   7 |  212.3 |
               +--------+--------+--------+--------+--------+-----+--------+

Top non-repeatable levels by time:
     D:4: 370 daAuts
     D:1: 353 daAuts
     D:2: 349 daAuts
     D:3: 242 daAuts
     D:6: 86 daAuts
     D:5: 43 daAuts
     D:7: 40 daAuts
